 Dungeon Crawl Stone Soup version 0.31.0-11-ge490571c62 (webtiles) character file.

Game seed: 15521074123705525595

4123 sasquatch the Basher (level 10, -2/88 HPs)
             Began as a Minotaur Fighter on Jan 30, 2024.
             Was a High Priest of Okawaru.
             Slain by Erica
             ... wielding a +2 scimitar of flaming
              (18 damage)
             ... on level 8 of the Dungeon.
             The game lasted 00:09:40 (8394 turns).

sasquatch the Basher (Minotaur Fighter)             Turns: 8394, Time: 00:09:41

Health: -2/88      AC: 13    Str: 24    XL:     10   Next: 6%
Magic:  11/13      EV:  8    Int:  5    God:    Okawaru [*****.]
Gold:   369        SH:  6    Dex: 11    Spells: 9/9 levels left

rFire   . . .        D - +1 flail
rCold   . . .        c - +0 buckler
rNeg    . . .        b - +0 scale mail
rPois   .            (helmet restricted)
rElec   .            u - +1 cloak
rCorr   .            y - +0 pair of gloves
SInv    .            j - +0 pair of boots
Will    .....        (no amulet)
Stlth   +            (no ring)
HPRegen 0.34/turn    (no ring)
MPRegen 0.13/turn

%: no passive effects
@: mighty, heroic, constricted
A: horns 2, retaliatory headbutt
a: Renounce Religion, Heroism, Finesse, Duel


You were on level 8 of the Dungeon.
You worshipped Okawaru.
Okawaru was extremely pleased with you.
You visited 2 branches of the dungeon, and saw 9 of its levels.
You also visited: Ossuary.

You collected 369 gold pieces.

Inventory:

Hand Weapons
 D - a +1 flail (weapon)
Missiles
 o - 32 poisoned darts (quivered)
Armour
 b - a +0 scale mail (worn)
 c - a +0 buckler (worn)
 j - a +0 pair of boots (worn)
 u - a +1 cloak (worn)
 y - a +0 pair of gloves (worn)
Wands
 p - a wand of iceblast (10)
 t - a wand of mindburst (9)
 A - a wand of flame (11)
Scrolls
 a - a scroll of fog {unknown}
 g - a scroll of teleportation {unknown}
 m - a scroll of immolation
 r - 4 scrolls of amnesia
 w - a scroll of enchant armour
 B - a scroll of torment {unknown}
 C - 2 scrolls of revelation {unknown}
 E - 2 scrolls of vulnerability {unknown}
Potions
 e - 6 potions of curing
 f - a potion of degeneration {unknown}
 h - 2 potions of lignification {unknown}
 i - a potion of brilliance {unknown}
 k - a potion of resistance {unknown}
 l - 3 potions of ambrosia {unknown}
 n - 2 potions of enlightenment {unknown}
 q - a potion of mutation
 s - 3 potions of haste
 v - a potion of heal wounds {unknown}
 x - a potion of cancellation {unknown}
 z - 2 potions of attraction {unknown}


   Skills:
 + Level 8.3(13.3) Fighting
 - Level 14.0(19.0) Maces & Flails
 - Level 3.6(8.6) Armour
 - Level 3.6(8.6) Shields
 + Level 5.9 Invocations


You had 9 spell levels left.
You didn't know any spells.
Your spell library contained the following spells:

 Spells                   Type           Power      Damage    Failure   Level
 Apportation              Tloc           0%         N/A       78%         1
 Necrotise                Necr           0%         1d4       78%         1
 Sting                    Conj/Alch      0%         1d3       78%         1
 Blink                    Tloc           0%         N/A       89%         2
 Cigotuvi's Dreadful Rot  Necr/Alch/Air  0%         N/A       89%         2
 Ensorcelled Hibernation  Hex/Ice        0%         N/A       89%         2
 Lesser Beckoning         Tloc           0%         N/A       89%         2
 Momentum Strike          Conj/Tloc      0%         3d8       89%         2
 Fugue of the Fallen      Necr           0%         N/A       98%         3
 Anguish                  Hex/Necr       0%         N/A       100%        4
 Ignite Poison            Fire/Alch      0%         N/A       100%        4
 Freezing Cloud           Conj/Ice/Air   0%         6-21      100%        5
 Summon Small Mammal      Summ           Unusable   N/A       N/A         1

Dungeon Overview and Level Annotations

Branches:
Dungeon (8/15)             Temple (1/1) D:6         Ossuary (visited)
   Lair: D:8-11

Altars:
Ashenzari
Cheibriados
Elyvilon
Fedhas
Gozag
Hepliaklqana
Kikubaaqudgha
Makhleb
Nemelex Xobeh
Okawaru
Qazlal
Ru
Sif Muna
Trog
Uskayaw
Vehumet
Wu Jian
Xom
Zin
The Shining One

Annotations:
D:8 Erica


Innate Abilities, Weirdness & Mutations

You have a pair of horns on your head.
You reflexively headbutt those who attack you in melee.


Message History

You are too injured to fight recklessly!
Unknown command.
You feel better.
Erica stares at you and mumbles some strange words.
The bolt of poison hits you!
You are poisoned.
Erica constricts you.
An ice beast comes into view.
You feel very mighty all of a sudden.
You feel very sick.
Erica hits you with a +2 scimitar of flaming!
* * * LOW HITPOINT WARNING * * *
Erica burns you.
* * * LOW HITPOINT WARNING * * *
Erica constricts you.
* * * LOW HITPOINT WARNING * * *
You feel better.
Erica hits you with a +2 scimitar of flaming.
* * * LOW HITPOINT WARNING * * *
Erica burns you.
* * * LOW HITPOINT WARNING * * *
Erica constricts you.
Unknown command.
You gain the combat prowess of a mighty hero.
Erica hits you with a +2 scimitar of flaming.
* * * LOW HITPOINT WARNING * * *
Erica burns you.
* * * LOW HITPOINT WARNING * * *
Erica constricts you.
You bludgeon Erica!! You headbutt Erica!
Erica is severely wounded.
You sock Erica!
Erica is almost dead.
Erica hits you but does no damage. Erica constricts you.
You closely miss Erica.
Erica is almost dead.
The howler monkey hoots and howls with incredible vigour!
Erica hits you with a +2 scimitar of flaming!!
You die...
Erica begins burbling mirthfully and uncontrollably.

#.##.#......#
#.##.#......#
#.##.#......#
#...........#
#........#### ###
#........#####
###....
#...<..).....# ....#
#....).).....###Y...#
####........)@xhoY..#
####......###o...#
#......# ....#
#......# ....#
##.....# ...>..
####### ###.#o. .# #
#


You could see Erica, 2 ice beasts, a howler monkey and 2 orcs.

Vanquished Creatures
  A troll (D:6)
  Grinder (D:6)
  A steam dragon (D:8)
  A water moccasin (D:7)
  Duvessa (D:4)
  An orc warrior (D:7)
  2 ice beasts
  2 black bears
  2 sky beasts
  A wolf (D:8)
  A phantom (D:4)
  2 kobold brigands
  An elf zombie (Ossuary)
  A gnoll sergeant (D:7)
  2 bullfrogs
  8 scorpions
  7 wights
  Dowan (D:4)
  4 howler monkeys
  A bombardier beetle (D:3)
  2 centaur zombies (Ossuary)
  A gnoll bouda (D:6)
  5 hounds
  Crazy Yiuf (D:4)
  A human zombie (Ossuary)
  2 orc priests (D:7)
  A sleepcap (D:7)
  3 iguanas
  7 orc wizards
  3 hound zombies (Ossuary)
  2 mummies (Ossuary)
  13 adders
  12 gnolls
  4 white imps
  4 ufetubi
  8 adder zombies (Ossuary)
  A ribbon worm (D:3)
  3 dart slugs
  13 orcs
  10 ball pythons
  9 bats
  3 endoplasms
  3 giant cockroaches
  3 gnoll zombies (Ossuary)
  7 hobgoblins
  18 kobolds
  A quokka (D:1)
  4 frilled lizards
  9 goblins
  8 jackal zombies (Ossuary)
  4 kobold zombies (Ossuary)
  7 orc zombies (Ossuary)
  5 rats
218 creatures vanquished.

Notes
Turn   | Place    | Note
-------+----------+-------------------------------------------
     0 | D:1      | sasquatch the Minotaur Fighter began the quest for the Orb.
     0 | D:1      | Reached XP level 1. HP: 19/19 MP: 0/0
    15 | D:1      | Reached skill level 3 in Maces & Flails
    38 | D:1      | Reached XP level 2. HP: 26/26 MP: 1/1
   315 | D:1      | Reached skill level 4 in Maces & Flails
   426 | D:1      | Reached XP level 3. HP: 31/31 MP: 2/2
   804 | D:2      | Found an iron altar of Okawaru.
   820 | D:2      | Became a worshipper of Warmaster Okawaru
   982 | D:2      | Reached skill level 5 in Maces & Flails
  1168 | D:2      | Reached XP level 4. HP: 37/39 MP: 3/3
  1527 | D:3      | Found a blossoming altar of Fedhas.
  1527 | D:3      | Found an ancient bone altar of Kikubaaqudgha.
  1554 | D:3      | Reached skill level 6 in Maces & Flails
  1555 | D:3      | HP: 1/39 [burnt (5)]
  1649 | D:3      | Reached XP level 5. HP: 28/45 MP: 4/4
  1810 | D:3      | Found a broken altar of Ashenzari.
  1812 | D:3      | Found a snail-covered altar of Cheibriados.
  1816 | D:3      | Found a sacrificial altar of Ru.
  2125 | D:4      | Reached * piety under Okawaru
  2126 | D:4      | Reached skill level 7 in Maces & Flails
  2281 | D:4      | Reached XP level 6. HP: 21/51 MP: 5/5
  2431 | D:4      | Noticed Dowan
  2432 | D:4      | Noticed Duvessa
  2445 | D:4      | Killed Duvessa
  2446 | D:4      | Reached skill level 8 in Maces & Flails
  2446 | D:4      | Killed Dowan
  2605 | D:4      | Found a bloodstained altar of Trog.
  2827 | D:4      | Found a runed translucent door.
  2828 | D:4      | Noticed Crazy Yiuf
  2920 | D:4      | Reached ** piety under Okawaru
  2921 | D:4      | Reached skill level 9 in Maces & Flails
  2924 | D:4      | Reached XP level 7. HP: 45/57 MP: 6/6
  3503 | D:4      | Killed Crazy Yiuf
  3653 | D:5      | Entered Level 5 of the Dungeon
  3667 | D:5      | Reached skill level 10 in Maces & Flails
  3978 | D:5      | Found the +5 woodcutter's axe
  4079 | D:5      | Found a sand-covered staircase.
  4093 | Ossuary  | Entered an ossuary
  4107 | Ossuary  | Reached skill level 11 in Maces & Flails
  4157 | Ossuary  | Reached XP level 8. HP: 59/64 MP: 7/7
  4329 | Ossuary  | Reached *** piety under Okawaru
  4513 | D:5      | Reached skill level 12 in Maces & Flails
  5020 | D:6      | Found a staircase to the Ecumenical Temple.
  5025 | D:6      | Noticed Grinder
  5040 | D:6      | Paralysed by Grinder for 4 turns
  5053 | Temple   | Entered the Ecumenical Temple
  5238 | D:6      | Paralysed by Grinder for 5 turns
  5248 | D:6      | Killed Grinder
  5249 | D:6      | Reached skill level 13 in Maces & Flails
  5405 | D:6      | Reached skill level 14 in Maces & Flails
  5405 | D:6      | Reached XP level 9. HP: 67/71 MP: 8/8
  5413 | D:6      | Reached **** piety under Okawaru
  5481 | D:6      | Reached skill level 1 in Invocations
  5522 | D:6      | Found a stormy altar of Qazlal.
  5897 | D:6      | Noticed a troll
  5909 | D:6      | Killed a troll
  5910 | D:6      | Reached skill level 5 in Fighting
  5981 | D:6      | Found a white marble altar of Elyvilon.
  7469 | D:7      | Reached skill level 5 in Invocations
  8248 | D:8      | Reached ***** piety under Okawaru
  8336 | D:7      | Reached XP level 10. HP: 88/88 MP: 13/13
  8367 | D:8      | Noticed Erica
  8394 | D:8      | Slain by Erica

Illustrated notes

Levels and vault maps discovered:
D:1:      heliophobic_arrival_enchanted_forest, layout_loops_ring,
          kennysheep_nondescript, st_stairs_13, minivault_11, minmay_vboxes
D:2:      layout_loops_ring, basic_altar
D:3:      layout_basic, grunt_temple_overflow_open
D:4:      layout_layer_cave, lightli_temple_of_fire, uniq_duvessa,
          uniq_crazy_yiuf_cottage
D:5:      layout_loops_cross, nicolae_ossuary_entry_ruins,
          kennysheep_generic_room_7
D:6:      layout_basic, nicolae_qazlal_general_emergency, elyvilon_altar_1,
          minmay_temple_entry_slanted, st_stairs_3, uniq_grinder
D:7:      layout_layer_cave, serial_glass, glass_columns_a, glass_columns_a
D:8:      lemuel_ratsnest, layout_basic, dk_yredelemnul_ordeal,
          hellmonk_lair_entry_icy, uniq_erica
Temple:   nicolae_temple_hex_pool

Skill      XL: |  1  2  3  4  5  6  7  8  9 |
---------------+----------------------------+-----
Maces & Flails | 3 4 5 6 7 9 11 14 | 14.0
Fighting       | 8 |  8.3
Invocations    | 5 |  5.9
Armour         | |  3.6
Shields        | |  3.6

Action                     |  1- 3 |  4- 6 |  7- 9 | 10-12 || total
---------------------------+-------+-------+-------+-------++-------
  Melee: Flail             |    98 |    95 |   452 |    33 ||   678
         Headbutt          |    11 |    17 |    69 |     3 ||   100
  Throw: Dart              |       |     4 |       |       ||     4
 Invoke: Heroism           |       |       |     3 |     1 ||     4
    Use: Scroll            |       |       |     7 |       ||     7
         Potion            |       |       |     1 |     3 ||     4
 Armour: Scale mail        |    67 |    56 |   346 |    16 ||   485
  Dodge: Dodged            |    54 |    38 |   168 |     9 ||   269
  Block: Buckler           |    14 |    15 |    87 |     7 ||   123
